Map: Ruins of Endion

Players

LiquidTLO (TLO) - Winner!

  • Race: Zerg Zerg
  • League: Grandmaster

FunK

  • Race: Protoss Protoss
  • League: Grandmaster

VOD

Have the link to the VOD?

Description

Time

  • Played on: July 4, 2016, 1:17 p.m.
  • Length: 5:47
Show
View Real Time Build Order
Export as new Build Order

LiquidTLO Zerg - Winner!

Build Orders: Hatch First 

Get SALT Encoding   

  12  0:01  Drone  
  13  0:13  Overlord  
  13  0:17  Drone  
  14  0:31  Drone x2  
  16  0:49  Hatchery  
  15  0:52  Drone  
  16  1:01  Drone  
  16  1:03  Extractor, Drone  
  17  1:14  Spawning Pool  
  17  1:18  Drone  
  17  1:21  Drone  
  18  1:28  Drone  
  19  1:39  Overlord  
  19  2:01  Queen x2  
  19  2:03  Metabolic Boost  
  19  2:05  Drone  
  24  2:09  Drone x2  
  24  2:15  Zergling x2  
  27  2:16  Drone  
  27  2:22  Drone  
  29  2:30  Drone  
  30  2:39  Hatchery  
  29  2:45  Zergling x4  
  29  2:47  Zergling x2  
  29  2:49  Zergling x2  
  33  2:55  Evolution Chamber  
  33  2:56  Zergling x2  
  33  3:00  Overlord  
  33  3:07  Drone x2  
  33  3:11  Zergling x2  
  36  3:17  Overlord  
  36  3:20  Drone  
  36  3:21  Zergling x2  
  36  3:22  Zergling x2  
  38  3:29  Overlord  
  38  3:33  Zerg Melee Weapons Level 1  
  38  3:36  Drone  
  38  3:39  Drone  
  38  3:41  Zergling x2  
  40  3:44  Drone  
  38  3:50  Drone x2  
  38  3:53  Drone  
  38  3:55  Zergling x2  
  40  4:02  Zergling x2  
  41  4:04  Baneling Nest  
  41  4:05  Zergling x2  
  41  4:09  Overlord  
  41  4:12  Zergling x2  
  41  4:16  Drone x2  
  44  4:18  Drone  
  44  4:22  Drone  
  45  4:24  Drone  
  45  4:26  Drone  
  45  4:27  Drone  
  45  4:28  Drone  
  45  4:31  Drone  
  50  4:33  Zergling x2  
  50  4:35  Zergling x2  
  50  4:37  Zergling x2  
  52  4:40  Zergling x2  
  52  4:44  Zergling x2  
  54  4:48  Drone  
  54  4:51  Zergling x2, Queen  
  58  4:54  Zergling x2  
  58  4:56  Zergling x4  
  61  5:00  Drone  
  61  5:06  Drone  
  63  5:07  Roach Warren, Extractor  
  63  5:08  Baneling x4  
  63  5:11  Zergling x2  
  63  5:12  Baneling  
  63  5:13  Baneling x2  
  61  5:15  Drone  
  61  5:16  Drone x2  
  61  5:20  Extractor, Drone  
  64  5:22  Zergling x2  
  64  5:23  Zergling x2  
  64  5:25  Zergling x2  
  64  5:27  Zergling x2  
  64  5:28  Zergling x2  
Show
View Real Time Build Order
Export as new Build Order

FunK Protoss 

Build Orders: 1 Gate Expand 

Get SALT Encoding   

  12  0:00  Probe (Chrono Boost)  
  13  0:11  Probe (Chrono Boost)  
  14  0:20  Pylon  
  14  0:22  Probe (Chrono Boost)  
  15  0:38  Probe (Chrono Boost)  
  15  0:39  Gateway  
  16  0:44  Assimilator  
  16  0:49  Probe (Chrono Boost)  
  17  1:00  Probe (Chrono Boost)  
  18  1:10  Probe (Chrono Boost)  
  19  1:21  Probe (Chrono Boost)  
  19  1:25  Nexus  
  20  1:33  Cybernetics Core  
  20  1:36  Probe (Chrono Boost)  
  21  1:40  Assimilator  
  21  1:46  Probe (Chrono Boost)  
  22  1:51  Pylon  
  22  1:57  Probe (Chrono Boost)  
  23  2:09  Probe (Chrono Boost)  
  23  2:10  Adept (Chrono Boost), Warp Gate (Chrono Boost)  
  26  2:21  Probe  
  27  2:24  Twilight Council  
  27  2:33  Probe  
  27  2:34  Adept (Chrono Boost)  
  27  2:35  Probe  
  31  2:45  Probe  
  31  2:46  Probe  
  33  2:56  Probe  
  33  2:57  Probe  
  35  3:02  Zealot (Chrono Boost)  
  37  3:09  Probe  
  37  3:10  Robotics Facility  
  37  3:13  Probe  
  38  3:21  Probe  
  40  3:27  Mothership Core  
  40  3:31  Adept (Chrono Boost), Pylon  
  43  3:47  Probe  
  41  3:48  Probe  
  41  3:53  Pylon  
  40  3:58  Resonating Glaives  
  40  4:00  Gateway, Warp Prism (Chrono Boost), Probe (Chrono Boost)  
  40  4:02  Gateway  
  41  4:05  Probe (Chrono Boost)  
  44  4:11  Assimilator  
  44  4:13  Adept  
  40  4:35  Pylon  
  40  4:38  Immortal (Chrono Boost)  
  43  4:55  Probe  
  44  5:02  Pylon  
  44  5:04  Pylon  
  44  5:06  Probe  
  44  5:12  Probe  
  46  5:18  Probe  
  47  5:24  Probe  
  47  5:28  Adept  
  50  5:29  Adept, Probe  
  50  5:31  Adept  
Tags
 
Add a new tag
Caveats
  • Supply blocks, unpowered buildings, or Contaminate may cause inaccurate times.
  • Supply counts are checked every 10 seconds.